 Dungeon Crawl Stone Soup version 0.29.0-13-gc9e81de378 (webtiles) character file.

Game seed: 1281503663092161120

94 sanka the Caller (level 4, -2/33 HPs)
             Began as a Ghoul Summoner on Sept 8, 2022.
             Slain by Natasha (5 damage)
             ... on level 2 of the Dungeon.
             The game lasted 00:04:21 (2189 turns).

sanka the Caller (Ghoul Summoner)                   Turns: 2189, Time: 00:04:21

Health: -2/33      AC:  2    Str: 11    XL:     4   Next: 63%
Magic:  3/6        EV: 12    Int: 12    God:
Gold:   95         SH:  0    Dex:  9    Spells: 1/7 levels left

rFire   . . .      SeeInvis .   (no weapon)
rCold   + . .      Faith    .   (no shield)
rNeg    + + +      Spirit   .   a - +0 robe
rPois   ∞          Reflect  .   (no helmet)
rElec   .          Harm     .   (no cloak)
rCorr   .          Rampage  .   (no gloves)
Will    .....                   (no boots)
Stlth   ++........              f - amulet of regeneration
HPRegen 0.00/turn               (no ring)
MPRegen 0.10/turn               (no ring)

@: very slightly contaminated, inhibited regen
A: claws 1, cold resistance 1, negative energy resistance 3, inhibited
regeneration, torment resistance 2, devour on kill
a: no special abilities


You were on level 2 of the Dungeon.
You visited 1 branch of the dungeon, and saw 2 of its levels.

You collected 95 gold pieces.


Innate Abilities, Weirdness & Mutations

You are immune to poison.
You have sharp fingernails.
Your flesh is cold resistant. (rC+)
You are immune to negative energy. (rN+++)
You do not regenerate when monsters are visible.
You are immune to unholy pain and torment.
You thrive by killing the living.


   Skills:
 - Level 1.7 Dodging
 - Level 2.1 Stealth
 - Level 2.0 Spellcasting
 + Level 5.3 Summonings


You had one spell level left.
You knew the following spells:

 Your Spells              Type           Power      Damage    Failure   Level
c - Call Canine Familiar  Summ           13%        N/A       10%         3
x - Call Imp              Summ           13%        N/A       4%          2
z - Summon Small Mammal   Summ           52%        N/A       3%          1

Your spell library contained the following spells:

 Spells                   Type           Power      Damage    Failure   Level
 Summon Guardian Golem    Hex/Summ       7%         N/A       28%         3
 Summon Lightning Spire   Summ/Air       7%         N/A       67%         4

Inventory:

Missiles
 g - 4 silver javelins
Armour
 a - a +0 robe (worn)
Jewellery
 f - an amulet of regeneration (around neck)
Scrolls
 c - 3 scrolls of poison {unknown}
 d - 2 scrolls of teleportation {unknown}
 h - a scroll of vulnerability {unknown}
 i - a scroll of butterflies {unknown}
 j - a scroll of enchant armour {unknown}
Potions
 e - 2 potions of heal wounds {unknown}

Dungeon Overview and Level Annotations

Branches:
Dungeon (2/15)

Altars:

Annotations:
D:2 Natasha

▒▒▒.▒▒▒▒▒▒.▒.▒▒▒▒▒▒▒▒▒
▒....................▒▒▒▒▒▒▒ ▒▒▒▒
▒.▒.▒▒▒▒▒▒.................. ...▒
▒.▒.▒ ▒▒..▒▒▒▒.▒▒.▒▒▒▒▒▒▒ ...▒
▒.▒.▒ ▒.................▒
...▒▒▒.▒.▒ ▒...▒▒▒▒.▒▒.▒▒▒▒▒.▒
....▒▒.▒.▒ ▒..5.....▒▒.▒ ▒.▒
▒▒▒..▒.▒.▒ ▒......▒.▒▒.▒▒▒▒▒.▒
▒▒▒▒...▒.▒▒▒▒▒▒.nh...▒....▒......
..▒▒▒..▒.▒▒......#..5▒.......▒▒▒▒
..▒▒▒..▒.......#.....▒....▒▒.▒▒▒▒
................>...........(....
▒▒▒▒▒▒..▒▒▒.▒▒▒▒.▒.▒▒▒▒▒▒.▒▒.▒▒▒▒
▒▒....▒.▒ ▒.▒.▒ ▒.▒▒.▒
▒▒▒▒.......▒▒ ▒.▒.▒ ▒.▒▒.▒
▒...........▒▒▒.▒.▒▒▒▒▒▒.▒▒.▒▒
▒............................▒


You could see Natasha (ally target), a crimson imp (summoned) and a friendly
crimson imp (summoned).


Message History

Your crimson imp barely misses Natasha.
You scratch Natasha but do no damage.
Natasha is moderately wounded.
Natasha misses you.
Your crimson imp hits Natasha.
You scratch Natasha but do no damage.
Natasha is moderately wounded.
Natasha barely misses you.
Your crimson imp hits Natasha.
You scratch Natasha but do no damage.
Natasha is heavily wounded.
Natasha closely misses you.
You scratch Natasha but do no damage.
Natasha is heavily wounded.
Natasha claws you but does no damage.
You closely miss Natasha.
Natasha is heavily wounded.
Natasha claws you!
* * * LOW HITPOINT WARNING * * *
Unknown command.
Magic courses through your body. Natasha claws you.
* * * LOW HITPOINT WARNING * * *
The crimson imp blinks!
The spell is quite dangerous to miscast (10% risk of failure)!
Continue anyway?
You miscast Call Canine Familiar.
You are very lightly contaminated with residual magic.
Nothing appears to happen.
Natasha claws you.
You die...

Action                   |  1- 3 |  4- 6 || total
-------------------------+-------+-------++-------
Melee: Unarmed           |    70 |    35 ||   105
       Punch             |       |     1 ||     1
 Cast: Summon Small Mamm |    30 |     5 ||    35
       Call Imp          |     2 |     7 ||     9
  Use: Potion            |       |     1 ||     1
 Stab: Distracted        |     1 |       ||     1
Armor: Robe              |    15 |     6 ||    21
Dodge: Dodged            |    46 |    18 ||    64

Levels and vault maps discovered:
D:1:      eino_arrival_water_star, layout_basic, chequers_avenue,
          dk_noncrumbling_4, minmay_heptomino_w4
D:2:      layout_basic, uniq_natasha

Notes
Turn   | Place    | Note
-------+----------+-------------------------------------------
     0 | D:1      | sanka the Ghoul Summoner began the quest for the Orb.
     0 | D:1      | Reached XP level 1. HP: 14/14 MP: 2/2
    66 | D:1      | Reached skill level 2 in Spellcasting
    77 | D:1      | Reached XP level 2. HP: 20/20 MP: 0/4
    86 | D:1      | Reached skill level 4 in Summonings
   615 | D:1      | Reached XP level 3. HP: 26/26 MP: 3/5
   618 | D:1      | Learned a level 2 spell: Call Imp
   622 | D:1      | Learned a level 3 spell: Call Canine Familiar
  1317 | D:2      | Noticed Natasha
  1322 | D:2      | Killed Natasha
  1417 | D:2      | Reached XP level 4. HP: 23/33 MP: 3/6
  1513 | D:2      | Reached skill level 5 in Summonings
  1723 | D:2      | Noticed Natasha
  1727 | D:2      | Killed Natasha
  2172 | D:2      | Noticed Natasha
  2188 | D:2      | HP: 3/33 [Natasha (1)]
  2189 | D:2      | Slain by Natasha

Vanquished Creatures
  2 ball pythons
  3 bats (D:1)
  2 endoplasms (D:1)
  2 giant cockroaches (D:1)
  4 hobgoblins
  A quokka (D:1)
  A frilled lizard (D:2)
  A goblin (D:2)
  5 kobolds (D:1)
  A rat (D:1)
22 creatures vanquished.

Vanquished Creatures (collateral kills)
  Natasha (twice) (D:2)
  2 dart slugs
  2 endoplasms
  A giant cockroach (D:2)
  A goblin (D:1)
  4 hobgoblins
  A quokka (D:2)
  A bat (D:2)
  2 frilled lizards
  A rat (D:1)
17 creatures vanquished.

Grand Total: 39 creatures vanquished
